 Dungeon Crawl Stone Soup version 0.29-a0-721-g7f417c9bbb (webtiles) character file.

Game seed: 13282197009937687250

53 zeratav the Shooter (level 3, 0/17 HPs)
             Began as a Spriggan Arcane Marksman on June 27, 2022.
             Splashed by a jelly's acid (8 damage)
             ... on level 3 of the Dungeon.
             The game lasted 00:01:47 (1589 turns).

zeratav the Shooter (Spriggan Arcane Marksman)      Turns: 1589, Time: 00:01:48

Health: 0/17       AC: -2    Str:  6    XL:     3   Next: 62%
Magic:  6/6        EV: 17    Int: 14    God:
Gold:   70         SH:  0    Dex: 17    Spells: 3/4 levels left

rFire   . . .      SeeInvis +   a - +0 sling
rCold   . . .      Faith    .   (no shield)
rNeg    . . .      Spirit   .   c - +0 robe
rPois   .          Reflect  .   (helmet restricted)
rElec   .          Harm     .   (no cloak)
rCorr   .          Rampage  .   (gloves unavailable)
Will    .....                   (boots unavailable)
Stlth   ++........              (no amulet)
HPRegen 0.05/turn               (no ring)
MPRegen 0.10/turn               (no ring)

@: corroded, very quick
A: very small, no large weapons, unfitting armour, see invisible, speed 3
a: no special abilities


You were on level 3 of the Dungeon.
You visited 1 branch of the dungeon, and saw 3 of its levels.

You collected 70 gold pieces.


Innate Abilities, Weirdness & Mutations

You are very small and have problems with some larger weapons.
You are too small for most types of armour.
You have supernaturally acute eyesight. (SInv)
You cover ground extremely quickly. (Speed+++)


   Skills:
 - Level 0.7 Fighting
 + Level 4.9 Ranged Weapons
 - Level 2.6 Dodging
 - Level 1.3 Spellcasting
 - Level 3.6 Hexes


You had 3 spell levels left.
You knew the following spells:

 Your Spells              Type           Power      Damage    Failure   Level
a - Slow                  Hex            44%        N/A       6%          1

Your spell library contained the following spells:

 Spells                   Type           Power      Damage    Failure   Level
 Inner Flame              Hex/Fire       6%         N/A       36%         3
 Portal Projectile        Hex/Tloc       12%        N/A       36%         3
 Cause Fear               Hex            5%         N/A       50%         4

Inventory:

Hand Weapons
 a - a +0 sling (weapon)
Armour
 c - a +0 robe (worn)
Scrolls
 b - a scroll of vulnerability {!r!r}
 d - a scroll of fear {unknown}
 e - 3 scrolls of identify {unknown}
 f - a scroll of immolation {unknown}
 g - 2 scrolls of teleportation {unknown}
 h - a scroll of magic mapping {unknown}
 i - a scroll of enchant armour {unknown}
 j - a scroll of fog {unknown}
Potions
 k - a potion of berserk rage {unknown}

Dungeon Overview and Level Annotations

Branches:
Dungeon (3/15) Zot: 16775

Altars:
Trog

Shops:
D:2

: ### ####### #..
..... #.# #.#.# #.#
##.#.####.## #.#
#....J..?...
#######.###..#@##
#.....<.......>.###.#
#.#####.####........#
#.........#####
########.## #.# #.#
#+#


You could see a jelly.


Message History

Unknown command.
Found an escape hatch in the floor.
A giant cockroach comes into view.
A giant cockroach is nearby!
You shoot a sling bullet.
The sling bullet hits the giant cockroach but does no damage.
A goblin comes into view. It is wielding a +0 club.
You shoot a sling bullet.
The sling bullet closely misses the goblin.
The goblin shouts!
The goblin throws a stone.
The stone barely misses you.
You shoot a sling bullet. The sling bullet hits the goblin.
You kill the goblin!
You shoot a sling bullet.
The sling bullet hits the giant cockroach.
You shoot a sling bullet.
The sling bullet hits the giant cockroach.
You kill the giant cockroach!
No target in view!
No target in view!
No target in view!
No target in view!
No target in view!
No target in view!
No target in view!
No target in view!
No target in view!
No target in view!
No target in view!
No target in view!
No target in view!
No target in view!
No target in view!
No target in view!
No target in view!
No target in view!
No target in view!
No target in view!
No target in view!
No target in view!
No target in view!
No target in view!
No target in view!
There is an entrance to Qykhlame's Book Emporium here.
There is an escape hatch in the floor here.
You now have 70 gold pieces (gained 11).
Things that are here:
a +0 club {mace}; 2 stones {throwing}
There is an abandoned shop here.
There is an abandoned shop here.
You see here a giant cockroach corpse.
You see here a +0 dagger {short}.
Done exploring.
(D) Dungeon
Where to? (Enter - D:2, ? - help)
There is a stone staircase leading down here.
You climb downwards.
There is a stone staircase leading up here.
k - a bubbling inky potion
There is a stone staircase leading up here.
An endoplasm comes into view.
Found an escape hatch in the floor.
An endoplasm is nearby!
You shoot a sling bullet. The sling bullet hits the endoplasm!
You kill the endoplasm!
No target in view!
No target in view!
No target in view!
No target in view!
No target in view!
A frilled lizard comes into view.
You see here a scroll labelled IMOIMA PEBBIBRE.
You shoot a sling bullet.
The sling bullet hits the frilled lizard.
You kill the frilled lizard!
No target in view!
No target in view!
No target in view!
No target in view!
g - 2 scrolls labelled IMOIMA PEBBIBRE (gained 1)
There is an escape hatch in the floor here.
A jelly comes into view.
A jelly is nearby!
You shoot a sling bullet.
The sling bullet barely misses the jelly.
The jelly quivers.
The jelly hits you.
You are splashed with acid.
HP[-8]
You take 8 damage, and now have 9/17 hp.
MASSIVE DAMAGE!! (PAUSE)
You shoot a sling bullet. The sling bullet hits the jelly.
The jelly barely misses you.
You shoot a sling bullet. The sling bullet hits the jelly.
The jelly barely misses you.
You shoot a sling bullet. The sling bullet hits the jelly.
The jelly barely misses you.
You shoot a sling bullet. The sling bullet hits the jelly.
The jelly hits you.
* * * LOW HITPOINT WARNING * * *
The acid corrodes you!
You are splashed with acid!
You die...

Skill      XL: |  1  2 |
---------------+-------+-----
Ranged Weapons | 3 4 |  4.9
Fighting       | |  0.7
Dodging        | |  2.6
Spellcasting   | |  1.3
Hexes          | |  3.6

Action                   || total
-------------------------++-------
 Fire: Sling             ||   141
Armor: Robe              ||     9
Dodge: Dodged            ||    41

Levels and vault maps discovered:
D:1:      dpeg_arrival_chambers_temple_mockup, layout_basic,
          shapermc_ecumenical_altar_starsandcircs
D:2:      layout_rooms, basic_altar, serial_shops,
          nicolae_shop_competitors_out_of_business, grunt_decor_one_mirror
D:3:      layout_loops_corners

Notes
Turn   | Place    | Note
-------+----------+-------------------------------------------
     0 | D:1      | zeratav the Spriggan Arcane Marksman began the quest for
                  | the Orb.
     0 | D:1      | Reached XP level 1. HP: 9/9 MP: 3/3
     0 | D:1      | magus.rc [v1.9.6]
    65 | D:1      | Reached skill level 3 in Ranged Weapons
   230 | D:1      | Reached XP level 2. HP: 9/14 MP: 5/5
   395 | D:1      | Found a faded altar of an unknown god.
   715 | D:1      | Reached skill level 4 in Ranged Weapons
  1127 | D:2      | Found a bloodstained altar of Trog.
  1132 | D:2      | Reached XP level 3. HP: 17/17 MP: 6/6
  1477 | D:2      | Found Qykhlame's Book Emporium.
  1589 | D:3      | Splashed by a jelly's acid

Vanquished Creatures
  An adder (D:2)
  A worm (D:2)
  A dart slug (D:1)
  5 ball pythons
  3 bats
  3 endoplasms
  2 giant cockroaches
  2 goblins (D:2)
  5 hobgoblins
  4 kobolds (D:1)
  A quokka (D:2)
  2 frilled lizards
  4 rats
34 creatures vanquished.

Table legend:
 A = Non-vault XP
 B = Vault XP
 C = Vault XP percentage of total XP
 D = Non-vault monster count
 E = Vault monster count
 F = Vault count percentage of total count
                 A         B        C        D         E       F
            +---------+---------+-------+---------+---------+-------
      Total |      76 |       0 |   0.0 |      34 |       0 |   0.0
            +---------+---------+-------+---------+---------+-------
        D:1 |      32 |       0 |   0.0 |      17 |       0 |   0.0
        D:2 |      41 |       0 |   0.0 |      15 |       0 |   0.0
        D:3 |       3 |       0 |   0.0 |       2 |       0 |   0.0
            +---------+---------+-------+---------+---------+-------

Illustrated notes

Table legend:
 A = Kills in this place as a percentage of kills in entire the game.
 B = Kills by you in this place as a percentage of kills by you in the entire game.
 C = Kills by friends in this place as a percentage of kills by friends in the entire game.
 D = Other kills in this place as a percentage of other kills in the entire game.
 E = Experience gained in this place as a percentage of experience gained in the entire game.
 F = Experience gained in this place divided by the number of levels of this place that you have seen.
                   A       B       C       D       E      F
               +-------+-------+-------+-------+-------+----------------------
         Total | 100.0 | 100.0 |   N/A |   N/A | 100.0 |  25.3
       Dungeon | 100.0 | 100.0 |   N/A |   N/A | 100.0 |  25.3
               +-------+-------+-------+-------+-------+----------------------

Table legend: (Time is in decaauts)
 A = Elapsed time spent in this place.
 B = Non-inter-level travel time spent in this place.
 C = Inter-level travel time spent in this place.
 D = Time resting spent in this place.
 E = Time spent auto-exploring this place.
 F = Levels seen in this place.
 G = Mean time per level.
                   A        B        C        D        E       F      G
               +--------+--------+--------+--------+--------+-----+--------+
         Total |   1223 |   1171 |     52 |      0 |    961 |   3 |  407.7 |
       Dungeon |   1223 |   1171 |     52 |      0 |    961 |   3 |  407.7 |
               +--------+--------+--------+--------+--------+-----+--------+

Top non-repeatable levels by time:
     D:1: 783 daAuts
     D:2: 424 daAuts
     D:3: 16 daAuts
